 Dungeon Crawl Stone Soup version 0.29.0-13-gc9e81de378 (webtiles) character file.

Game seed: 15376248985862308271

1192 Persephone the Spear-Bearer (level 8, -4/64 HPs)
             Began as a Minotaur Fighter on Sept 7, 2022.
             Was a Follower of Ashenzari.
             Slain by Duvessa
             ... wielding a +4 short sword of speed
              (9 damage)
             ... on level 5 of the Dungeon.
             The game lasted 00:10:34 (5696 turns).

Persephone the Spear-Bearer (Minotaur Fighter)      Turns: 5696, Time: 00:10:35

Health: -4/64      AC:  9    Str: 23    XL:     8   Next: 20%
Magic:  7/7        EV:  9    Int: 10    God:    Ashenzari [*.....]
Gold:   291        SH: 11    Dex: 15    Spells: 7/7 levels left

rFire   . . .      SeeInvis +   n - +2 spear (vamp)
rCold   . . .      Faith    .   c - +1 buckler
rNeg    . . .      Spirit   .   b - +0 scale mail "Profound Sophism" {Evo, Bglg} (curse)
rPois   .          Reflect  +   (helmet restricted)
rElec   +          Harm     .   (no cloak)
rCorr   +          Rampage  .   l - +1 pair of gloves of Paacirui {rElec Str-3 Int+5 Dex+2}
Will    .....                   (no boots)
Stlth   +.........              q - amulet "Ensconced With Me" {Reflect SH+5, Cun, Fort} (curse)
HPRegen 0.20/turn               f - ring of Acvaish {rCorr Str+6 SInv Stlth+}
MPRegen 0.10/turn               (no ring)

@: no status effects
A: horns 2, retaliatory headbutt
a: Renounce Religion, Shatter the Chains


You were on level 5 of the Dungeon.
You worshipped Ashenzari.
Ashenzari was aware of your devotion.
You visited 1 branch of the dungeon, and saw 5 of its levels.
You also visited: Sewer.

You collected 291 gold pieces.

Inventory:

Hand Weapons
 a - a +0 flail
 n - a +2 vampiric spear (weapon)
Armour
 b - the cursed +0 scale mail "Profound Sophism" (worn) {Evo, Bglg}

   It has a curse which improves the following skills: Evocations: Evocations.
   Beguiling: Conjurations, Hexes and Translocations.
 c - a +1 buckler (worn)
 l - the +1 pair of gloves of Paacirui (worn) {rElec Str-3 Int+5 Dex+2}
   (You acquired it on level 4 of the Dungeon)

   Str:       It affects your strength (-3).
   Int:       It affects your intelligence (+5).
   Dex:       It affects your dexterity (+2).
   rElec:     It insulates you from electricity.
Jewellery
 f - the ring of Acvaish (left hand) {rCorr Str+6 SInv Stlth+}
   (You acquired it on level 4 of the Dungeon)

   [ring of strength]

   Str:       It affects your strength (+6).
   SInv:      It lets you see invisible.
   rCorr:     It protects you from acid and corrosion.
   Stlth:     It makes you more stealthy.
 q - the cursed amulet "Ensconced With Me" (around neck) {Reflect SH+5, Cun, Fort}
   (You found it on level 3 of the Dungeon)

   [amulet of reflection]

   It reflects blocked missile attacks.
   SH:        It affects your SH (+5).
   It has a curse which improves the following skills: Cunning: Dodging and
   Stealth.
   Fortitude: Armour and Shields.
Wands
 r - a wand of acid (3)
 s - a wand of digging (7)
Scrolls
 e - 3 scrolls of identify
 h - 2 scrolls of fear
 o - a scroll of noise
 p - a scroll of enchant armour
 t - a scroll of enchant weapon
 u - a scroll of teleportation
 x - 2 scrolls of silence
 y - a scroll of summoning
Potions
 d - 3 potions of might
 g - 4 potions of heal wounds
 i - a potion of degeneration
 j - 5 potions of curing
 k - a potion of resistance
 v - 2 potions of invisibility
 w - a potion of brilliance


   Skills:
 - Level 3.6 Fighting
 - Level 4.5 Maces & Flails
 + Level 10.9 Polearms
 - Level 3.6(4.4) Armour
 - Level 3.6(4.4) Shields


You had 7 spell levels left.
You didn't know any spells.
Your spell library contained the following spells:

 Spells                   Type           Power      Damage    Failure   Level
 Apportation              Tloc           0%         N/A       75%         1
 Magic Dart               Conj           0%         1d3       75%         1
 Foxfire                  Conj/Fire      0%         2x1d4     77%         1
 Necrotise                Necr           0%         1d4       77%         1
 Summon Small Mammal      Summ           0%         N/A       77%         1
 Call Imp                 Summ           0%         N/A       88%         2
 Conjure Flame            Conj/Fire      0%         6-21      98%         3
 Inner Flame              Hex/Fire       0%         N/A       98%         3
 Mephitic Cloud           Conj/Pois/Air  0%         N/A       98%         3
 Stone Arrow              Conj/Erth      0%         3d7       98%         3
 Animate Armour           Summ/Erth      0%         N/A       100%        4
 Flame Wave               Conj/Fire      0%         2d4       100%        4
 Lehudib's Crystal Spear  Conj/Erth      0%         10d2      100%        8


Dungeon Overview and Level Annotations

Branches:
Dungeon (5/15)             Temple (0/1) D:5           Sewer (visited)

Altars:
Ashenzari
Cheibriados
Gozag
Kikubaaqudgha
Xom

Shops:
D:2 *

Annotations:
D:5 Duvessa


Innate Abilities, Weirdness & Mutations

You have a pair of horns on your head.
You reflexively headbutt those who attack you in melee.


Message History

You hear a shout!
Key pressed, stopping explore.
You hear a shout!
You hear a shout!
You hear a shout!
Key pressed, stopping explore.
You hear a shout!
Duvessa shouts!
Duvessa is nearby!
You hear a shout!
Duvessa attacks as you move away! You block Duvessa's attack.
Duvessa attacks as you move away! You block Duvessa's attack.
Duvessa hits you with a +4 short sword of speed!!
You hit Duvessa but do no damage. You headbutt Duvessa, but do no damage.
You block Duvessa's attack.
You puncture Duvessa!
You feel better.
Duvessa is lightly wounded.
Duvessa hits you with a +4 short sword of speed!!
You hit Duvessa but do no damage. You headbutt Duvessa, but do no damage.
Duvessa is lightly wounded.
You block Duvessa's attack.
Duvessa hits you with a +4 short sword of speed.
You hit Duvessa but do no damage. You headbutt Duvessa.
Duvessa is lightly wounded.
Duvessa hits you with a +4 short sword of speed.
You hit Duvessa but do no damage. You headbutt Duvessa.
Duvessa is moderately wounded.
You block Duvessa's attack.
You hit Duvessa but do no damage.
Duvessa is moderately wounded.
Duvessa hits you with a +4 short sword of speed!
* * * LOW HITPOINT WARNING * * *
You hit Duvessa but do no damage.
Duvessa is moderately wounded.
You block Duvessa's attack. Duvessa closely misses you.
You furiously retaliate!
You headbutt Duvessa, but do no damage. You hit Duvessa.
Duvessa is moderately wounded.
Duvessa hits you with a +4 short sword of speed!
You die...

.##.######.....#.# ..#.#
###...#.####.# ########
..#.# ##..#......#
##....... ..#.#
########.......####..######
###.#
#............e........#.#
....#
#........##########.....#
##### #........# #...#.#
###........##########.....#
#.[........'@e.........####
#.#...<....##########.....#
#.#........# #####.#
#.#........# #.#
#.########## #.# #.# #.#
#.# #.# #.# #.# #.# #.#


You could see Duvessa (berserk).

Vanquished Creatures
  Eustachio (D:5)
  A sky beast (D:3)
  2 ogres (D:5)
  A centaur (D:5)
  A phantom (D:5)
  3 scorpions
  Dowan (D:5)
  2 hounds (D:5)
  3 iguanas
  Ijyb (D:3)
  A hell rat (Sewer)
  An orc wizard (D:4)
  Robin (D:4)
  5 adders
  A river rat (Sewer)
  2 ufetubi (D:3)
  A worm (D:3)
  2 dart slugs
  6 orcs
  8 ball pythons
  4 bats
  5 endoplasms
  8 giant cockroaches
  18 goblins
  9 hobgoblins
  9 jackals
  5 kobolds
  4 quokkas
  4 frilled lizards
  13 rats
123 creatures vanquished.

Vanquished Creatures (others)
  A goblin (D:3)
1 creature vanquished.

Grand Total: 124 creatures vanquished

Notes
Turn   | Place    | Note
-------+----------+-------------------------------------------
     0 | D:1      | Persephone the Minotaur Fighter began the quest for the
                  | Orb.
     0 | D:1      | Reached XP level 1. HP: 19/19 MP: 0/0
   121 | D:1      | Reached XP level 2. HP: 26/26 MP: 1/1
   443 | D:1      | Found a faded altar of an unknown god.
   939 | D:2      | Found Xibimm's General Store.
   946 | D:2      | Reached XP level 3. HP: 25/31 MP: 2/2
  1400 | D:3      | Found an ancient bone altar of Kikubaaqudgha.
  1504 | D:3      | Reached skill level 1 in Polearms
  1694 | D:3      | Found a broken altar of Ashenzari.
  1721 | D:3      | Reached skill level 2 in Polearms
  1833 | D:3      | Became a worshipper of Ashenzari the Shackled
  1928 | D:3      | Noticed a sky beast
  1943 | D:3      | Killed a sky beast
  1944 | D:3      | Reached skill level 4 in Polearms
  1944 | D:3      | Reached XP level 4. HP: 13/39 MP: 3/3
  1944 | D:3      | Reached XP level 5. HP: 15/45 MP: 4/4
  2268 | D:3      | Reached skill level 5 in Polearms
  2346 | D:3      | Found an opulent altar of Gozag.
  2346 | D:3      | Found a shimmering altar of Xom.
  2506 | D:3      | Noticed Ijyb
  2519 | D:3      | HP: 1/45 [Ijyb/+4 dagger of holy wrath (2)]
  2520 | D:3      | Killed Ijyb
  3055 | D:4      | Identified a scroll of acquirement
  3055 | D:4      | Acquired the ring of Acvaish {rCorr Str+6 SInv Stlth+}
  3065 | D:4      | Noticed Robin
  3086 | D:4      | Killed Robin
  3087 | D:4      | Reached XP level 6. HP: 49/51 MP: 5/5
  3092 | D:4      | Reached skill level 6 in Polearms
  3345 | D:4      | Found a snail-covered altar of Cheibriados.
  3497 | D:4      | Acquired the +1 pair of gloves of Paacirui {rElec Str-3
                  | Int+5 Dex+2}
  3530 | D:4      | Reached skill level 7 in Polearms
  3817 | D:4      | Reached * piety under Ashenzari
  3852 | D:5      | Entered Level 5 of the Dungeon
  3865 | D:5      | Found a glowing drain.
  3875 | D:5      | Noticed Eustachio
  3891 | Sewer    | Entered a sewer
  4433 | D:5      | Reached skill level 8 in Polearms
  4433 | D:5      | Reached XP level 7. HP: 57/57 MP: 6/6
  4524 | D:5      | Killed Eustachio
  4525 | D:5      | Reached skill level 9 in Polearms
  4597 | D:5      | Reached skill level 10 in Polearms
  4625 | D:5      | Reached XP level 8. HP: 64/64 MP: 7/7
  4627 | D:5      | Found a staircase to the Ecumenical Temple.
  4813 | D:5      | Noticed Duvessa
  4813 | D:5      | Noticed Dowan
  4821 | D:5      | Killed Dowan
  5696 | D:5      | Slain by Duvessa

Illustrated notes

Levels and vault maps discovered:
D:1:      dpeg_arrival_court, layout_loops_ring, ebering_ecumenical_altar_hall,
          serial_bayou_pond_c, minivault_27
D:2:      layout_basic, serial_shops,
          nicolae_shop_temple_entry_statues_fountains
D:3:      kennysheep_goblin_castle, layout_loops_cross,
          mainiacjoe_overflow_paths, nicolae_ashenzari_panopticon,
          nicolae_overflow_two_pavilions, minmay_checkerbox
D:4:      layout_cave_pods, mainiacjoe_overflow_six_doors_small,
          minmay_ruptured, uniq_robin
D:5:      layout_basic, trog_hazing_becter, minmay_temple_entry_butterflies,
          portal_sewer_entry_a, ebering_dispersal_statue_hall,
          corexii_leaking_fountain, uniq_duvessa, uniq_eustachio

Skill      XL: |  1  2  3  4  5  6  7 |
---------------+----------------------+-----
Maces & Flails | 3 4 |  4.5
Polearms       | 4 5 8 10 | 10.9
Fighting       | |  3.6
Armour         | |  3.6
Shields        | |  3.6

Action                   |  1- 3 |  4- 6 |  7- 9 || total
-------------------------+-------+-------+-------++-------
Melee: Flail             |    53 |       |       ||    53
       Headbutt          |    15 |    25 |    23 ||    63
       Spear             |    48 |   211 |   102 ||   361
Invok: Curse Item        |       |     2 |       ||     2
  Use: Potion            |     1 |       |       ||     1
       Scroll            |       |     9 |     2 ||    11
 Stab: Sleeping          |       |       |     1 ||     1
Armor: Scale mail        |    47 |    60 |    24 ||   131
Dodge: Dodged            |    47 |    81 |    21 ||   149
Block: Buckler           |    20 |   101 |    32 ||   153
       Reflection        |       |     7 |       ||     7
